 Dungeon Crawl Stone Soup version 0.22.1-2-g9c5b331 (webtiles) character file.

26 shakethe the Conjurer (level 2, -2/25 HPs)
             Began as a Draconian Conjurer on Nov 20, 2018.
             Slain by a gnoll
             ... wielding a +0 whip
              (12 damage)
             ... on level 2 of the Dungeon.
             The game lasted 00:02:52 (1520 turns).

shakethe the Conjurer (Draconian Conjurer)          Turns: 1520, Time: 00:02:53

Health: -2/25      AC:  4    Str: 10    XL:     2   Next: 89%
Magic:  5/5        EV: 12    Int: 15    God:
Gold:   72         SH:  0    Dex: 11    Spells: 4/5 levels left

rFire    . . .     SeeInvis .   (no weapon)
rCold    . . .     Gourm    .   (no shield)
rNeg     . . .     Faith    .   (armour unavailable)
rPois    .         Spirit   .   (helmet restricted)
rElec    .         Reflect  .   (no cloak)
rCorr    .         Harm     .   (no gloves)
MR       .....                  (no boots)
Stlth    ++........             (no amulet)
HPRegen  0.08/turn              (no ring)
MPRegen  0.09/turn              (no ring)

@: no status effects
A: unfitting armour, cold-blooded, AC +4
a: no special abilities


You were on level 2 of the Dungeon.
You were not hungry.

You visited 1 branch of the dungeon, and saw 2 of its levels.

You collected 72 gold pieces.

Inventory:

Jewellery
 h - an uncursed amulet of guardian spirit {unknown}
Scrolls
 a - a scroll of fog {unknown}
 d - a scroll of remove curse {unknown}
 e - a scroll of enchant weapon {unknown}
 f - 3 scrolls of identify {unknown}
 j - a scroll of enchant armour {unknown}
Potions
 c - a potion of ambrosia {unknown}
 g - 4 potions of curing {unknown}
 i - a potion of experience {unknown}
Comestibles
 b - 6 rations


   Skills:
 + Level 2.9 Fighting
 - Level 1.7 Dodging
 - Level 1.7 Stealth
 - Level 2.0 Spellcasting
 - Level 4.0 Conjurations


You had 4 spell levels left.
You knew the following spells:

 Your Spells              Type           Power        Failure   Level  Hunger
a - Magic Dart            Conj           ##..         4%          1    #......

Your spell library contained the following spells:

 Spells                   Type           Power        Failure   Level  Hunger
 Searing Ray              Conj           ##....       6%          2    ###....
 Dazzling Spray           Conj/Hex       #.....       28%         3    ###....
 Iskenderun's Mystic Bla  Conj           ##......     38%         4    #####..
 Force Lance              Conj/Tloc      #.......     67%         4    #####..
 Fulminant Prism          Conj/Hex       #.........   67%         4    #####..


Dungeon Overview and Level Annotations

Branches:
Dungeon (2/15)

Altars:
Dithmenos


Innate Abilities, Weirdness & Mutations

Your plain brown scales are hard. (AC +4)
You cannot fit into any form of body armour.
You are cold-blooded and may be slowed by cold attacks.


Message History

You are too injured to fight recklessly!
You are too injured to fight recklessly!
You are too injured to fight recklessly!
You are too injured to fight recklessly!
You are too injured to fight recklessly!
Unknown command.
You barely miss the gnoll.
The gnoll is moderately wounded.
You hit the gnoll. You tail-slap the gnoll.
The gnoll is heavily wounded.
The gnoll barely misses you. The gnoll hits you with a whip.
Unknown command.
You hit the gnoll.
The gnoll is heavily wounded.
The gnoll hits you with a whip. The gnoll closely misses you.
Unknown command.
You hit the gnoll but do no damage.
The gnoll is heavily wounded.
The gnoll hits you with a whip!
You die...

# .. #.#.#.##.#
#.#.#
#...#.##.###
.g.
###.#.##...#
#.###
#...####.#
#...# ##### #.#
###g# ##### #.#
#g# #...# ###.#
#g###.### #...#
#@g...#####.###
#####.......#
#########


You could see 4 gnolls.

Vanquished Creatures
  A worm (D:2)
  A leopard gecko (D:2)
  7 goblins
  2 hobgoblins (D:1)
  3 kobolds (D:1)
  6 bats (D:1)
  A frilled lizard (D:1)
21 creatures vanquished.

Notes
Turn   | Place    | Note
-------+----------+-------------------------------------------
     0 | D:1      | shakethe the Draconian Conjurer began the quest for the
                  | Orb.
     0 | D:1      | Reached XP level 1. HP: 14/14 MP: 3/3
   156 | D:1      | Reached skill level 1 in Fighting
   419 | D:1      | Reached XP level 2. HP: 19/24 MP: 5/5
   941 | D:2      | HP: 1/25 [worm (10)]
  1421 | D:2      | Found a shadowy altar of Dithmenos.
  1520 | D:2      | Slain by a gnoll

Skill      XL: |  1  2 |
---------------+-------+-----
Fighting       | 1 2 |  2.9
Dodging        | |  1.7
Stealth        | |  1.7
Spellcasting   | |  2.0
Conjurations   | |  4.0

Action                   || total
-------------------------++-------
Melee: Unarmed           ||   214
       Tailslap          ||    25
 Cast: Magic Dart        ||     8
 Stab: Sleeping          ||     1
  Eat: Chunk             ||     2
Armor: Skin              ||   100
Dodge: Dodged            ||   191
